 Dungeon Crawl Stone Soup version 0.31-a0-1424-g2add1c7226 (webtiles) character file.

Game seed: 9776733196193095054

54919 browni3141 the Brawler (level 14, -4/134 (139) HPs)
             Began as a Formicid Shapeshifter on Dec 27, 2023.
             Was a Priest of Ru.
             Slain by a cane toad (14 damage)
             ... on level 5 of the Lair of Beasts.
             The game lasted 00:36:50 (20681 turns).

browni3141 the Brawler (Formicid Shapeshifter)     Turns: 20681, Time: 00:36:53

HP:   -4/134 (139)  AC: 18    Str: 28    XL:     14   Next: 16%
MP:   0/14          EV: 10    Int: 14    God:    Ru [***...]
Gold: 936           SH:  0    Dex: 16    Spells: 13/13 levels left

rFire   . .          .
                       - Unarmed
rCold   . . .        (shield currently unavailable)
rNeg    . . .        F - melded +0 steam dragon scales
rPois   +            (helmet unavailable)
rElec   .            (cloak currently unavailable)
rCorr   .            h - melded +0 pair of gloves
SInv    .            f - melded +0 pair of boots
Will    +....        T - amulet "Qesaahappu" {Spirit ^Fragile +Inv Int+3 Dex+3}
Stlth   ++           x - +4 ring of protection
HPRegen 0.42/turn    C - +4 ring of protection
MPRegen 0.14/turn

%: guardian spirit
@: exhausted, snake-form, lightly drained
A: constrict, boosted hp, permanent stasis, dig shafts and tunnels, large,
(antennae 3), disrupted magic 1, unskilled 1, inexperienced 1, four strong arms
a: Begin Untransformation, Renounce Religion, Evoke Invisibility, Draw Out Power


You were on level 5 of the Lair of Beasts.
You worshipped Ru.
Ru was most pleased with you.
You were an enormous serpent.
You visited 3 branches of the dungeon, and saw 17 of its levels.
You also visited: Gauntlet.

You collected 936 gold pieces.

Inventory:

Hand Weapons
 S - the +8 whip "Snakebite" {venom, curare, rPois}
   (You found it on level 1 of the Lair of Beasts)

   rPois:     It protects you from poison
Missiles
 G - 3 throwing nets
 J - 5 curare-tipped darts
Armour
 b - a +2 cloak
 f - a +0 pair of boots (melded)
 h - a +0 pair of gloves (melded)
 v - a +1 pair of gloves of stealth
 F - +0 steam dragon scales (melded)
Jewellery
 n - the ring "Utsamuhe" {rElec rF- rCorr Str+6 Int+4}
   (You found it on level 2 of the Dungeon)

   [ring of strength]

   Str+6:     It affects your strength (+6).
   Int+4:     It affects your intelligence (+4).
   rF-:       It makes you vulnerable to fire.
   rElec:     It insulates you from electricity.
   rCorr:     It protects you from acid and corrosion.
 o - the ring "Anen" {MP+9 Str+6}
   (You found it in a Gauntlet)

   [ring of magical power]

   Str+6:     It affects your strength (+6).
   MP+9:      It affects your magic capacity (+9).
 r - a ring of positive energy
 t - the ring of Umip {rPois Will+ Dex+2}
   (You took it off a minotaur in a Gauntlet)

   [ring of willpower]

   Dex+2:     It affects your dexterity (+2).
   rPois:     It protects you from poison Will+: It increases your willpower.
 x - a +4 ring of protection (left hand)
 C - a +4 ring of protection (right hand)
 O - a ring of protection from cold
 P - a ring of protection from fire
 T - the amulet "Qesaahappu" (around neck) {Spirit ^Fragile +Inv Int+3 Dex+3}
   (You found it on level 1 of the Lair of Beasts)

   [amulet of guardian spirit]

   Spirit:    It causes incoming damage to be divided between your reserves of
   health and magic.
   Int+3:     It affects your intelligence (+3).
   Dex+3:     It affects your dexterity (+3).
   +Inv:      It lets you turn invisible.
   ^Fragile:  It will be destroyed if unequipped.
 U - an amulet of guardian spirit
 Y - a +6 ring of dexterity
Talismans
 c - a beast talisman
 d - a flux talisman
 B - a serpent talisman (active)
 K - a storm talisman
Wands
 u - a wand of mindburst (21)
 w - a wand of iceblast (17)
 E - a wand of flame (18)
 Q - a wand of polymorph (16)
Scrolls
 e - 4 scrolls of immolation
 k - 5 scrolls of teleportation
 p - 2 scrolls of revelation
 y - 2 scrolls of noise
 z - a scroll of amnesia
 A - 2 scrolls of vulnerability {unknown}
 D - 3 scrolls of blinking {unknown}
 H - 6 scrolls of enchant weapon {unknown}
 M - a scroll of poison {unknown}
 V - 3 scrolls of fear {unknown}
 W - 2 scrolls of fog {unknown}
 Z - a scroll of silence {unknown}
Potions
 a - 2 potions of haste {unknown}
 i - a potion of ambrosia
 j - 3 potions of lignification
 l - a potion of berserk rage
 m - 3 potions of attraction
 q - 4 potions of curing
 s - a potion of enlightenment
 L - a potion of cancellation {unknown}
 N - 3 potions of magic {unknown}
 X - 2 potions of mutation
Miscellaneous
 g - a lightning rod (4/4)
 I - a condenser vane (inert)


   Skills:
 + Level 12.6 Fighting
 - Level 2.6 Armour
 - Level 1.5 Dodging
 - Level 1.7 Stealth
 * Level 16.2 Unarmed Combat
 - Level 4.5 Evocations
 * Level 12.0 Shapeshifting


You had 13 spell levels left.
You didn't know any spells.
Your spell library contained the following spells:

 Spells                   Type           Power      Damage    Failure   Level
 Foxfire                  Conj/Fire      0%         2x1d4     36%         1
 Kiss of Death            Conj/Necr      0%         2d5       36%         1
 Magic Dart               Conj           0%         1d3       36%         1
 Call Imp                 Summ           0%         N/A       50%         2
 Cigotuvi's Dreadful Rot  Necr/Alch/Air  0%         N/A       50%         2
 Searing Ray              Conj           0%         2d4       50%         2
 Confusing Touch          Hex            0%         N/A       73%         3
 Hailstorm                Conj/Ice       0%         3d5       73%         3
 Ozocubu's Armour         Ice            0%         N/A       73%         3
 Tukima's Dance           Hex            0%         N/A       73%         3
 Dispel Undead            Necr           0%         3d6       98%         4
 Fulminant Prism          Conj/Alch      0%         3d5       98%         4
 Passage of Golubria      Tloc           0%         N/A       98%         4
 Summon Ice Beast         Ice/Summ       0%         N/A       98%         4
 Arcjolt                  Conj/Air       0%         1d10      100%        5
 Metabolic Englaciation   Hex/Ice        0%         N/A       100%        5
 Yara's Violent Unravell  Hex/Alch       0%         3d3       100%        5
 Death Channel            Necr           0%         N/A       100%        6
 Plasma Beam              Fire/Air       0%         2x1d10    100%        6
 Simulacrum               Ice/Necr       0%         N/A       100%        6
 Starburst                Conj/Fire      0%         6d3       100%        6
 Blink                    Tloc           Unusable   N/A       N/A         2
 Vhi's Electric Charge    Tloc/Air       Unusable   N/A       N/A         4

Dungeon Overview and Level Annotations

Branches:
Dungeon (11/15)            Temple (1/1) D:4            Lair (5/5) D:8
 Shoals (0/4) Lair:3       Spider (0/4) Lair:2          Orc (0/2) D:9
Gauntlet (visited)
  Slime: Lair:4-5

Altars:
Ashenzari
Cheibriados
Dithmenos
Elyvilon
Fedhas
Gozag
Hepliaklqana
Kikubaaqudgha
Makhleb
Nemelex Xobeh
Okawaru
Qazlal
Ru
Sif Muna
Trog
Uskayaw
Vehumet
Wu Jian
Xom
Yredelemnul
Zin
The Shining One
Jiyva

Annotations:
D:7 exclusion: door
Lair:5 exclusion: oklob plant


Innate Abilities, Weirdness & Mutations

You are an enormous serpent.
You have a powerful constriction melee attack.
Your maximum health is increased.
Your armour is entirely melded.
You are incapable of wielding weapons or throwing items.
You cannot be hasted, slowed, berserked, paralysed or teleported.
You can dig through walls and to a lower floor.
((You have a pair of large antennae on your head. (SInv)))
Your casting is slightly disrupted.
You are somewhat unskilled. (-1 Apt)
You are somewhat inexperienced. (-1 XL)
Your four strong arms can wield two-handed weapons with a shield.


Message History

Unknown command.
You feel better. The redback barely misses you.
The cane toad closely misses you. The cane toad stings you!
* * * LOW HITPOINT WARNING * * *
The redback bites you but does no damage.
Unknown command.
You feel much better.
A nearby fungus withers and dies. x2
The cane toad stings you!
* * * LOW HITPOINT WARNING * * *
The cane toad stings you.
* * * LOW HITPOINT WARNING * * *
The redback bites you but does no damage.
The cane toad barely misses you.
The guardian serpent coils itself and waves its upper body at you.
The cane toad blinks!
Unknown command.
Unknown command.
Okay, then.
Unknown command.
Unknown command.
Okay, then.
You barely miss the cane toad. You grab the cane toad.
The cane toad is heavily wounded.
You constrict the cane toad.
The redback bites you but does no damage.
The cane toad stings you!
* * * LOW HITPOINT WARNING * * *
You redirect the cane toad's attack!
The cane toad stings the guardian serpent!
Unknown command.
Unknown command.
Unknown command.
You feel better.
You constrict the cane toad.
The redback bites you but does no damage.
The cane toad is engulfed in freezing vapours.
The cane toad stings you!
* * * LOW HITPOINT WARNING * * *
You focus your inner power and illuminate the cane toad in retribution!
The cane toad stings you!
You die...

..P...##...#....#...##......##...
.P.....##..##..##..##....P...#...
........##[.#..#.)##......P.#....
.###.....##.####..#....###P......
#P.###....#######....### ##......
.P...###...##..##..###.. #......
..P....###.#....####...$ #......
..#......###.PPsPF.§§..? #......
.........###..§†SFS....) #......
..P....###.#..☼F####...$ #.P....
.....###..=.|.§##..### . ##....P
...###....#..#####...### ##.#.PP.
.###.....##.####.##....###......#
........##.)#..#)=##......P......
.PP....##..##..##..##....P.......
......##...#....#...##...P..###..
.....##...##....##...##..P..# ##.


You could see a guardian serpent, 3 cane toads and a redback.

Vanquished Creatures
  The ghost of Ofeo the Fighter, a journeyman OnSh of Wu Jian (Lair:2)
  A minotaur (Gauntlet)
  A green death (Gauntlet)
  3 hydras
  4 boulder beetles
  8 death yaks
  2 two-headed ogres
  A skyshark (Lair:2)
  A lindwurm (Lair:1)
  An orc knight (D:11)
  A wolf spider (Lair:5)
  2 moths of wrath (Lair:2)
  A cyclops (D:11)
  8 black mambas
  10 elephants
  A merfolk siren (Lair:3)
  19 cane toads
  2 rime drakes
  8 komodo dragons
  A troll (D:11)
  3 merfolk (Lair:3)
  2 polar bears (Lair:4)
  3 hornets (Lair:5)
  2 tarantellas (Lair:1)
  15 blink frogs
  7 dream sheep (Lair:5)
  3 slime creatures (D:11)
  2 jumping spiders (Lair:1)
  A vampire (D:10)
  12 wyverns
  46 yaks
  A shadow (D:11)
  A wraith (D:10)
  A neqoxec (Gauntlet)
  2 redbacks
  A steam dragon (D:9)
  30 water moccasins
  Duvessa (D:7)
  6 orc warriors
  2 sky beasts
  4 ice beasts
  A black bear (D:6)
  A centaur (D:11)
  13 wolves (Lair:2)
  4 ogres
  2 phantoms
  The ghost of osoart the Apothecary, an amateur OpAl of Wu Jian (D:3)
  Blork the orc (D:4)
  3 kobold brigands
  17 bullfrogs
  7 scorpions
  3 gnoll sergeants
  Dowan (D:7)
  7 killer bees
  4 electric eels
  A howler monkey (D:10)
  A bombardier beetle (D:4)
  3 lava snakes (Lair:1)
  2 jellies
  4 orc priests
  4 hounds
  An iguana (D:5)
  3 sleepcaps
  5 orc wizards
  5 hell rats (Lair:4)
  Robin (D:4)
  12 gnolls
  6 adders
  2 shadow imps
  A white imp (D:7)
  3 worms
  A dart slug (D:2)
  26 orcs
  2 endoplasms
  2 giant cockroaches (D:1)
  9 goblins
  21 hobgoblins
  5 quokkas
  8 ball pythons
  A bat (D:2)
  3 frilled lizards
  15 kobolds
  5 rats
438 creatures vanquished.

Vanquished Creatures (others)
  A blink frog (Lair:2)
1 creature vanquished.

Grand Total: 439 creatures vanquished

Notes
Turn   | Place    | Note
-------+----------+-------------------------------------------
     0 | D:1      | browni3141 the Formicid Shapeshifter began the quest for
                  | the Orb.
     0 | D:1      | Reached XP level 1. HP: 15/15 MP: 1/1
    77 | D:1      | Found a faded altar of an unknown god.
   221 | D:1      | Reached XP level 2. HP: 20/21 MP: 2/2
   670 | D:1      | Reached skill level 1 in Stealth
   726 | D:2      | Reached XP level 3. HP: 26/26 MP: 3/3
   903 | D:2      | Identified the ring "Utsamuhe" {rElec rF- rCorr Str+6
                  | Int+4}
   929 | D:2      | Reached XP level 4. HP: 33/33 MP: 4/4
  1547 | D:3      | Noticed osoart's ghost (amateur OpAl)
  1548 | D:3      | Found a transporter.
  1695 | D:3      | Noticed an ogre
  1700 | D:3      | Identified the +4 dire flail of Vengeance {drain, rPois
                  | rC+}
  1700 | D:3      | Noticed an ogre
  1766 | D:3      | Reached XP level 5. HP: 35/38 MP: 5/5
  2207 | D:4      | Found a shadowy altar of Dithmenos.
  2220 | D:4      | Reached skill level 1 in Armour
  2220 | D:4      | Reached skill level 4 in Unarmed Combat
  2269 | D:4      | Noticed a kobold brigand
  2278 | D:4      | Killed a kobold brigand
  2279 | D:4      | Reached XP level 6. HP: 24/46 MP: 6/6
  2379 | D:4      | Noticed Robin
  2399 | D:4      | Killed Robin
  2693 | D:4      | Found a staircase to the Ecumenical Temple.
  2704 | Temple   | Entered the Ecumenical Temple
  2779 | D:4      | Noticed Blork the orc
  3200 | D:4      | Killed Blork the orc
  3201 | D:4      | Reached skill level 5 in Shapeshifting
  3201 | D:4      | Reached XP level 7. HP: 22/52 MP: 7/7
  3209 | D:4      | Reached skill level 5 in Unarmed Combat
  3399 | D:5      | Entered Level 5 of the Dungeon
  3876 | D:5      | Found a shimmering altar of Xom.
  3983 | D:6      | Reached XP level 8. HP: 58/58 MP: 8/8
  4880 | D:6      | Reached skill level 6 in Unarmed Combat
  5774 | D:7      | Found a sacrificial altar of Ru.
  5775 | D:7      | Found a glowing golden altar of the Shining One.
  5783 | D:7      | Became a worshipper of Ru the Awakened
  5937 | D:7      | Noticed Dowan
  5942 | D:7      | Killed Dowan
  6017 | D:7      | Reached skill level 7 in Unarmed Combat
  6017 | D:7      | Reached XP level 9. HP: 58/64 MP: 9/9
  6023 | D:7      | Reached skill level 5 in Fighting
  6168 | D:7      | Noticed Duvessa
  6172 | D:7      | You fall into a shaft and drop 2 floors!
  6195 | D:9      | Reached skill level 1 in Evocations
  6385 | D:9      | Reached skill level 8 in Unarmed Combat
  6965 | D:8      | Gained mutation: You are somewhat inexperienced. (-1 XL)
                  | [Ru sacrifice]
  6965 | D:8      | Reached XP level 8. HP: 64/64 MP: 8/8
  6965 | D:8      | Reached * piety under Ru
  7028 | D:8      | Reached skill level 5 in Evocations
  7028 | D:8      | Reached XP level 9. HP: 50/69 MP: 9/9
  7314 | D:8      | Found a staircase to the Lair.
  7371 | D:8      | Found a white marble altar of Elyvilon.
  7584 | D:8      | Reached skill level 9 in Unarmed Combat
  7685 | D:8      | Found a bloodstained altar of Trog.
  8067 | D:7      | Found a shadowy altar of Dithmenos.
  8907 | D:7      | HP: 2/72 [Duvessa/+2 short sword of freezing (4)]
  8909 | D:7      | Killed Duvessa
  9162 | D:7      | Found an ornate altar of the Wu Jian Council.
  9603 | D:3      | Found a transporter.
  9628 | D:3      | Killed osoart's ghost
  9629 | D:3      | Reached skill level 10 in Unarmed Combat
  9861 | D:9      | Found a staircase to the Orcish Mines.
 10652 | D:10     | Entered Level 10 of the Dungeon
 10837 | D:10     | Found a stormy altar of Qazlal.
 10920 | D:10     | Noticed a two-headed ogre
 10939 | D:10     | Reached XP level 10. HP: 51/80 MP: 10/10
 11108 | D:10     | Killed a two-headed ogre
 11109 | D:10     | Reached skill level 11 in Unarmed Combat
 11587 | D:10     | Found an ancient bone altar of Kikubaaqudgha.
 11754 | D:11     | Noticed a two-headed ogre
 11765 | D:11     | Killed a two-headed ogre
 11811 | D:11     | Noticed a boulder beetle
 11831 | D:11     | Killed a boulder beetle
 11832 | D:11     | Reached skill level 12 in Unarmed Combat
 12053 | D:11     | Noticed a cyclops
 12069 | D:11     | Killed a cyclops
 12156 | D:10     | Reached XP level 11. HP: 61/89 MP: 11/11
 12742 | Lair:1   | Entered Level 1 of the Lair of Beasts
 13000 | Lair:1   | Reached skill level 13 in Unarmed Combat
 13068 | Lair:1   | Reached skill level 10 in Fighting
 13068 | Lair:1   | Reached skill level 10 in Shapeshifting
 13951 | Lair:1   | Found a runed translucent door.
 13951 | Lair:1   | Found the +8 whip "Snakebite" {venom, curare, rPois}
 14168 | Lair:1   | Found a runed translucent gate.
 14168 | Lair:1   | Found a runed translucent gate.
 14168 | Lair:1   | Found a runed translucent gate.
 14168 | Lair:1   | Found a runed translucent gate.
 14168 | Lair:1   | Found a runed translucent gate.
 14168 | Lair:1   | Found a runed translucent gate.
 14168 | Lair:1   | Noticed a boulder beetle
 14168 | Lair:1   | Noticed a boulder beetle
 14183 | Lair:1   | Killed a boulder beetle
 14184 | Lair:1   | Reached skill level 14 in Unarmed Combat
 14189 | Lair:1   | Killed a boulder beetle
 14522 | Lair:1   | Identified the amulet "Qesaahappu" {Spirit ^Fragile +Inv
                  | Int+3 Dex+3}
 14711 | Lair:2   | Found a transporter.
 14712 | Lair:2   | Noticed Ofeo's ghost (journeyman OnSh)
 14744 | Lair:2   | Found a transporter.
 14760 | Lair:2   | Reached XP level 12. HP: 100/100 MP: 12/12
 14809 | Lair:2   | Reached skill level 15 in Unarmed Combat
 14999 | Lair:2   | Noticed a five-headed hydra
 15143 | Lair:2   | Killed a five-headed hydra
 15218 | Lair:2   | Found a hole to the Spider Nest.
 15938 | Lair:2   | Killed Ofeo's ghost
 16283 | Lair:3   | Noticed a five-headed hydra
 16285 | Lair:3   | Reached skill level 16 in Unarmed Combat
 16301 | Lair:3   | Killed a five-headed hydra
 16428 | Lair:3   | Gained mutation: You are somewhat unskilled. (-1 Apt) [Ru
                  | sacrifice]
 16428 | Lair:3   | Reduced skill Stealth to level 1
 16428 | Lair:3   | Reduced skill Unarmed Combat to level 14
 16428 | Lair:3   | Reached ** piety under Ru
 16428 | Lair:3   | Reached *** piety under Ru
 16451 | Lair:3   | Reached skill level 10 in Shapeshifting
 16470 | Lair:3   | Reached XP level 13. HP: 77/106 MP: 9/13
 16480 | Lair:3   | Reached skill level 15 in Unarmed Combat
 16673 | Lair:3   | Found a staircase to the Shoals.
 18091 | Lair:4   | Identified the orb of Happiness {mayhem, Regen+ Slay+2
                  | Stlth- Fire}
 18356 | Lair:4   | Gained mutation: Your casting is slightly disrupted. [Ru
                  | sacrifice]
 18442 | Lair:5   | Entered Level 5 of the Lair of Beasts
 18630 | Lair:5   | Found a gate leading to a gauntlet.
 18640 | Gauntlet | Entered a Gauntlet
 18640 | Gauntlet | Found a transporter.
 18650 | Gauntlet | Found a transporter.
 18654 | Gauntlet | Found a transporter.
 18657 | Gauntlet | Found a transporter.
 18657 | Gauntlet | Found a transporter.
 18658 | Gauntlet | Found a transporter.
 18667 | Gauntlet | Found a transporter.
 18667 | Gauntlet | Found a transporter.
 18687 | Gauntlet | Found a transporter.
 18695 | Gauntlet | Found a transporter.
 18695 | Gauntlet | Found a transporter.
 18703 | Gauntlet | Found a transporter.
 18852 | Gauntlet | Identified the ring "Anen" {MP+9 Str+6}
 18918 | Gauntlet | Identified the ring of Umip {rPois Will+ Dex+2}
 18918 | Gauntlet | Noticed a minotaur
 18926 | Gauntlet | Killed a minotaur
 19548 | Lair:5   | Found a viscous altar of Jiyva.
 19600 | Lair:5   | Reached skill level 16 in Unarmed Combat
 19829 | Lair:5   | Reached XP level 14. HP: 116/116 MP: 12/14
 20677 | Lair:5   | HP: 4/133 [cane toad (9)]
 20681 | Lair:5   | Slain by a cane toad

Illustrated notes

Levels and vault maps discovered:
D:1:      dpeg_arrival_yet_another_circle, layout_basic,
          hellmonk_ecumenical_altar_run_dry
D:2:      layout_loops_cross
D:3:      layout_loops_ring, gammafunk_ghost_smash, minmay_misc_feat_pillars,
          kennysheep_generic_room_8
D:4:      layout_cave_pods, temple_green, minmay_ruined_shrine, uniq_robin,
          uniq_blork_the_orc
D:5:      layout_basic, lemuel_tele_altar, hangedman_glass_teeth
D:6:      layout_basic
D:7:      layout_layer_cave, grunt_dithmenos_shadows, kennysheep_mini,
          grunt_temple_overflow_open, kennysheep_potato, uniq_duvessa
D:8:      layout_loops_ring, nicolae_elyvilon_temple_path, lair_entry_dummy,
          david_defended_altar_orc
D:9:      layout_cave_pods, orc_0_dummy, chequers_mini_garden
D:10:     layout_loops_cross, lemuel_coloured_pillars_altar,
          grunt_qazlal_sundering, hangedman_decor_lopped, minivault_11,
          minivault_22, nrook_uturn
D:11:     layout_rooms, special_room [special_room_orc]
Temple:   nicolae_temple_two_arcs
Lair:1:   gammafunk_indiana_jones, layout_regular_city, st_stairs_13,
          infiniplex_staircase_pool
Lair:2:   layout_gridlike, nicolae_spider_entry_non_spiders,
          gammafunk_ghost_berserking_beasts, st_stairs_11
Lair:3:   layout_hall_layers, elwin_shoals_entry_stream,
          infiniplex_staircase_pool_2, grunt_megastairs_4
Lair:4:   layout_cave_pods
Lair:5:   hangedman_lair_tendril_chambers, layout_layer_cave,
          minmay_slime_entry_oklob_enclosed, gauntlet_entry_generic

Skill      XL: |  1  2  3  4  5  6  7  8  9 10 11 12 13 14 |
---------------+-------------------------------------------+-----
Stealth        | 1 2 1 |  1.7
Shapeshifting  | 4 5 7 8 9 10 10 11 12 | 12.0
Fighting       | 2 3 4 7 9 11 11 12 | 12.6
Armour         | 1 2 3 2 |  2.6
Unarmed Combat | 4 5 7 10 12 14 14 16 | 16.2
Evocations     | 5 4 4 |  4.5
Dodging        | |  1.5

Action                     |  1- 3 |  4- 6 |  7- 9 | 10-12 | 13-15 || total
---------------------------+-------+-------+-------+-------+-------++-------
  Melee: Unarmed           |    40 |    91 |   400 |   486 |   282 ||  1299
         Punch             |     1 |     2 |     8 |       |       ||    11
         Constrict         |       |       |       |    61 |    63 ||   124
   Fire: Sling             |    20 |    59 |    83 |       |       ||   162
 Invoke: Sacrifice Experie |       |       |     1 |       |       ||     1
         Reject Sacrifices |       |       |       |     1 |     1 ||     2
         Sacrifice Skill   |       |       |       |     1 |       ||     1
         Sacrifice Essence |       |       |       |       |     1 ||     1
         Draw Out Power    |       |       |       |       |     1 ||     1
Ability: Dig               |       |     1 |     3 |       |       ||     4
         Shaft Self        |       |       |     1 |       |       ||     1
  Evoke: Wand              |       |     2 |     2 |     9 |       ||    13
         Lightning rod     |       |       |       |    19 |     6 ||    25
         Condenser vane    |       |       |       |       |     1 ||     1
    Use: Scroll            |       |       |     5 |     2 |     5 ||    12
         Potion            |       |       |     1 |       |     4 ||     5
   Stab: Distracted        |       |       |     1 |     2 |     1 ||     4
         Sleeping          |       |       |       |     2 |       ||     2
         Invisible         |       |       |       |       |     3 ||     3
 Armour: Animal skin       |    15 |       |       |       |       ||    15
         Robe              |       |     4 |       |       |       ||     4
         Ring mail         |       |     3 |       |       |       ||     3
         Chain mail        |       |    69 |   107 |       |       ||   176
         Skin              |       |       |   124 |   289 |   225 ||   638
         Steam dragon scal |       |       |    39 |       |       ||    39
  Dodge: Dodged            |    26 |    35 |   191 |   240 |    97 ||   589
   Form: Flux              |       |       |     1 |     1 |       ||     2
         Serpent           |       |       |       |     3 |       ||     3
         Beast             |       |       |       |     1 |       ||     1
                           |       |       |       |     1 |       ||     1

Table legend: (Time is in decaauts)
 A = Elapsed time spent in this place.
 B = Non-inter-level travel time spent in this place.
 C = Inter-level travel time spent in this place.
 D = Time resting spent in this place.
 E = Time spent auto-exploring this place.
 F = Levels seen in this place.
 G = Mean time per level.
                   A        B        C        D        E       F      G
               +--------+--------+--------+--------+--------+-----+--------+
         Total |  20449 |  19308 |   1141 |    549 |  15327 |  18 | 1136.1 |
       Dungeon |  12686 |  11824 |    862 |    340 |   9423 |  11 | 1153.3 |
        Temple |      1 |      1 |      0 |      0 |      0 |   1 |    1.0 |
          Lair |   7209 |   6931 |    278 |    209 |   5442 |   5 | 1441.8 |
      Gauntlet |    552 |    552 |      0 |      0 |    462 |   1 |  552.0 |
               +--------+--------+--------+--------+--------+-----+--------+

Top non-repeatable levels by time:
     D:7: 2067 daAuts
  Lair:1: 1885 daAuts
  Lair:5: 1636 daAuts
     D:9: 1541 daAuts
  Lair:2: 1434 daAuts
  Lair:4: 1338 daAuts
     D:6: 1276 daAuts
     D:4: 1224 daAuts
     D:8: 1211 daAuts
     D:3: 1099 daAuts
     D:5: 1046 daAuts
    D:11: 958 daAuts
    D:10: 928 daAuts
  Lair:3: 914 daAuts
     D:1: 719 daAuts
